 Dungeon Crawl Stone Soup version 0.29.1-4-g47bece8355 (webtiles) character file.

Game seed: 12015224839430409435

1546 Anriel the Skirmisher (level 8, -1/43 HPs)
             Began as a Deep Elf Hunter on Dec 8, 2022.
             Was an Initiate of Gozag.
             Killed from afar by a steam dragon (19 damage)
             ... with a ball of steam
             ... on level 7 of the Dungeon.
             The game lasted 00:38:02 (5203 turns).

Anriel the Skirmisher (Deep Elf Hunter)             Turns: 5203, Time: 00:38:03

Health: -1/43      AC:  6    Str:  8    XL:     8   Next: 57%
Magic:  10/10      EV: 16    Int: 15    God:    Gozag
Gold:   335        SH:  0    Dex: 20    Spells: 5/7 levels left

rFire   . . .      SeeInvis .   p - +0 arbalest
rCold   . . .      Faith    .   (shield currently unavailable)
rNeg    . . .      Spirit   .   q - +1 leather armour {rPois}
rPois   +          Reflect  .   c - +1 helmet
rElec   .          Harm     .   (no cloak)
rCorr   .          Rampage  .   (no gloves)
Will    .....                   (no boots)
Stlth   +++.......              (no amulet)
HPRegen 0.14/turn               (no ring)
MPRegen 0.12/turn               (no ring)

@: no status effects
A: no striking features
a: Renounce Religion, Potion Petition, Call Merchant, Bribe Branch


You were on level 7 of the Dungeon.
You worshipped Gozag.
Gozag was aware of your devotion.
You visited 2 branches of the dungeon, and saw 8 of its levels.

You collected 401 gold pieces.
You paid 66 gold pieces to Gozag.

Inventory:

Hand Weapons
 a - a +1 shortbow
 p - a +0 arbalest (weapon)
Armour
 c - a +1 helmet (worn)
 q - a +1 leather armour of poison resistance (worn)
Wands
 d - a wand of charming (6)
 k - a wand of digging (7)
Scrolls
 b - a scroll of immolation
 i - a scroll of teleportation
 o - 3 scrolls of enchant armour
Potions
 e - a potion of heal wounds
 g - 4 potions of curing
 j - 3 potions of flight
 l - a potion of degeneration {unknown}
 n - 2 potions of berserk rage {unknown}


   Skills:
 - Level 1.5 Fighting
 + Level 11.2 Ranged Weapons
 + Level 1.7 Armour
 - Level 7.1 Dodging
 - Level 6.0 Stealth


You had 5 spell levels left.
You knew the following spells:

 Your Spells              Type           Power      Damage    Failure   Level
a - Blink                 Tloc           0%         N/A       50%         2

Your spell library contained the following spells:

 Spells                   Type           Power      Damage    Failure   Level
 Apportation              Tloc           0%         N/A       36%         1
 Necrotise                Necr           0%         1d4       36%         1
 Sandblast                Erth           0%         2d4       36%         1
 Summon Small Mammal      Summ           0%         N/A       36%         1
 Passwall                 Tmut/Erth      0%         N/A       50%         2
 Ozocubu's Armour         Ice            0%         N/A       75%         3
 Stone Arrow              Conj/Erth      0%         3d7       75%         3
 Iskenderun's Battlesphe  Conj           0%         2d6       100%        5
 Manifold Assault         Tloc           0%         N/A       100%        5
 Metabolic Englaciation   Hex/Ice        0%         N/A       100%        5
 Iron Shot                Conj/Erth      0%         9d1       100%        6
 Spellforged Servitor     Conj/Summ      0%         N/A       100%        7
 Storm Form               Tmut/Air       0%         N/A       100%        7
 Simulacrum               Ice/Necr       Unusable   N/A       N/A         6

Dungeon Overview and Level Annotations

Branches:
Dungeon (7/15)             Temple (1/1) D:5

Altars:
Ashenzari
Cheibriados
Elyvilon
Fedhas
Gozag
Kikubaaqudgha
Makhleb
Sif Muna
Trog
Uskayaw
Vehumet
Xom
Yredelemnul

Shops:
D:2 [


Message History

Fire: p) +0 arbalest
Press: ? - help, Q - select action, (/) - cycle Shift-Dir - straight line You shoot a bolt.
Fire: p) +0 arbalest
Press: ? - help, Q - select action, (/) - cycle Shift-Dir - straight line, f - steam dragon
Aim: a steam dragon (63% to hit)
You shoot a bolt.
The bolt barely misses the steam dragon.
A centaur comes into view.
The steam dragon breathes steam at you. The ball of steam hits you!
You feel much better.
Okay, then.
Fire: p) +0 arbalest
Press: ? - help, Q - select action, (/) - cycle Shift-Dir - straight line, f/p - steam dragon
Aim: a steam dragon (63% to hit)
You shoot a bolt.
The bolt barely misses the steam dragon.
The steam dragon misses you. x2
Fire: p) +0 arbalest
Press: ? - help, Q - select action, (/) - cycle Shift-Dir - straight line, f/p - steam dragon
Aim: a steam dragon (63% to hit)
You shoot a bolt.
The bolt closely misses the steam dragon.
The bolt hits the centaur!!
The centaur is almost dead.
The steam dragon breathes steam at you. The ball of steam hits you!
The steam dragon closely misses you. The steam dragon claws you.
Unknown command.
Fire: p) +0 arbalest
Press: ? - help, Q - select action, (/) - cycle Shift-Dir - straight line, f/p - steam dragon
Aim: a steam dragon (63% to hit)
You shoot a bolt. The bolt hits the steam dragon.
The steam dragon is lightly wounded.
You are engulfed in a cloud of scalding steam.
The steam dragon breathes steam at you. The ball of steam hits you!!
You die...
Your body crumbles into a pile of gold.

.. ........# ..
........#
.###.)....<#
c.###...##.#
#.# ######.####
#.# #........#
#.## #........#
#..###§.......#
##cD@§§.......#
#####§.......#
#........#
#........#
#........#
#........#
##########


You could see a steam dragon (catching breath) and a centaur.

Vanquished Creatures
  Eustachio (D:4)
  Edmund (D:5)
  An orc warrior (D:6)
  A black bear (D:6)
  2 ogres
  An ice beast (D:5)
  2 kobold brigands (D:3)
  A howler monkey (D:6)
  3 jellies
  3 hounds
  An orc priest (D:6)
  A gnoll bouda (D:5)
  2 iguanas
  2 orc wizards
  Ijyb (D:4)
  A statue (D:6)
  11 adders
  8 gnolls (D:5)
  A white imp (D:6)
  An ufetubus (D:5)
  A worm (D:3)
  2 dart slugs
  17 orcs
  8 endoplasms
  2 giant cockroaches
  6 goblins
  3 hobgoblins
  12 jackals
  A quokka (D:5)
  7 ball pythons
  A bat (D:3)
  3 frilled lizards
  12 kobolds
  4 rats
124 creatures vanquished.

Notes
Turn   | Place    | Note
-------+----------+-------------------------------------------
     0 | D:1      | Anriel the Deep Elf Hunter began the quest for the Orb.
     0 | D:1      | Reached XP level 1. HP: 12/12 MP: 3/3
   223 | D:1      | Reached XP level 2. HP: 16/16 MP: 4/4
   228 | D:1      | Found a faded altar of an unknown god.
   607 | D:2      | Found Bout's Armour Shoppe.
   749 | D:2      | Reached skill level 6 in Ranged Weapons
   752 | D:2      | Reached XP level 3. HP: 13/20 MP: 5/5
  1073 | D:2      | Learned a level 2 spell: Blink
  1342 | D:3      | Found a white marble altar of Elyvilon.
  1744 | D:3      | Found a shimmering altar of Xom.
  1766 | D:3      | Reached XP level 4. HP: 25/25 MP: 6/6
  2017 | D:3      | Noticed a kobold brigand
  2042 | D:3      | Killed a kobold brigand
  2043 | D:3      | Reached skill level 7 in Ranged Weapons
  2043 | D:3      | Reached XP level 5. HP: 14/29 MP: 7/7
  2407 | D:3      | Reached skill level 5 in Stealth
  2656 | D:4      | You fall into a shaft and drop 1 floor!
  2656 | D:5      | Entered Level 5 of the Dungeon
  2734 | D:5      | Reached XP level 6. HP: 34/34 MP: 8/8
  2769 | D:4      | Noticed Ijyb
  2787 | D:4      | Killed Ijyb
  2852 | D:4      | Reached skill level 8 in Ranged Weapons
  2982 | D:4      | Noticed Eustachio
  2990 | D:4      | Found a blossoming altar of Fedhas.
  3034 | D:4      | Killed Eustachio
  3119 | D:4      | Reached XP level 7. HP: 38/38 MP: 9/9
  3129 | D:4      | Reached skill level 9 in Ranged Weapons
  3498 | D:5      | Reached skill level 5 in Dodging
  3583 | D:5      | Found a broken altar of Ashenzari.
  3595 | D:5      | Found a staircase to the Ecumenical Temple.
  4076 | Temple   | Entered the Ecumenical Temple
  4265 | Temple   | Became a worshipper of Gozag Ym Sagoz the Greedy
  4484 | D:6      | Noticed Edmund
  4666 | D:5      | Killed Edmund
  4667 | D:5      | Reached skill level 10 in Ranged Weapons
  4667 | D:5      | Reached XP level 8. HP: 33/43 MP: 10/10
  4749 | D:6      | Found a burning altar of Makhleb.
  4829 | D:6      | Found a radiant altar of Vehumet.
  4926 | D:6      | Reached skill level 11 in Ranged Weapons
  4926 | D:6      | Reached skill level 1 in Armour
  5203 | D:7      | Killed from afar by a steam dragon

Illustrated notes

Levels and vault maps discovered:
D:1:      minmay_arrival_shattered_statue, layout_basic,
          hellmonk_ecumenical_altar_dog_temple, chequers_jeans,
          solitary_fountain, chequers_serial_rivers_small_a
D:2:      layout_basic, serial_shops, shop, nicolae_kite_square_tiling_tiny
D:3:      cheibrodos_thug_alley, layout_rooms, mainiacjoe_overflow_tiny_flanked,
          xom_teletrap_fun, kennysheep_generic_room_11
D:4:      layout_loops_cross, lemuel_crystal_altar, uniq_eustachio, uniq_ijyb
D:5:      layout_basic, ashenzari_conservatory_becter,
          minmay_temple_entry_stoned_glass
D:6:      layout_rooms, vehumet_statue, mainiacjoe_overflow_surrounded_room,
          reono_crystal_passage, grunt_decor_mini_mirrors, uniq_edmund
D:7:      layout_rooms, st_stairs_12, uniq_pikel
Temple:   nicolae_temple_bog_church

Skill      XL: |  1  2  3  4  5  6  7  8 |
---------------+-------------------------+-----
Stealth        | 2 3 4 5 6 |  6.0
Ranged Weapons | 6 7 8 10 11 | 11.2
Dodging        | 3 6 7 |  7.1
Armour         | 1 |  1.7
Fighting       | |  1.5

Action                   |  1- 3 |  4- 6 |  7- 9 || total
-------------------------+-------+-------+-------++-------
Melee: Shortbow          |       |     2 |       ||     2
 Fire: Shortbow          |    93 |   123 |    34 ||   250
       Arbalest          |       |    10 |   102 ||   112
Evoke: Wand              |       |       |     3 ||     3
  Use: Scroll            |     6 |     2 |     7 ||    15
       Potion            |       |     5 |     3 ||     8
Armor: Leather armour    |     7 |    10 |    17 ||    34
Dodge: Dodged            |    25 |    39 |    67 ||   131
